 Dungeon Crawl Stone Soup version 0.32-a0-612-g1c984fe9d1 (webtiles) character file.

Game seed: 14300536009954283419

8 ezpacito the Chopper (level 2, -19/24 HPs)
             Began as a Coglin Chaos Knight on Mar 4, 2024.
             Was a Plaything of Xom.
             Demolished by a swamp worm (21 damage)
             ... on level 1 of the Dungeon.
             The game lasted 00:00:45 (158 turns).

ezpacito the Chopper (Coglin Chaos Knight)           Turns: 158, Time: 00:00:46

Health: -19/24     AC:  5    Str: 12    XL:     2   Next: 8%
Magic:  2/2        EV: 11    Int: 11    God:    Xom [*.....]
Gold:   15         SH:  0    Dex: 13    Spells: 1/1 levels left

rFire   . . .        a - +0 hand axe (chaos) {Renate}
rCold   . . .        d - +0 dagger {Suthep}
rNeg    . . .        b - +2 leather armour
rPois   .            (no helmet)
rElec   .            (no cloak)
rCorr   .            (no gloves)
SInv    .            (no boots)
Will    .....        (amulet unavailable)
Stlth   +            (ring unavailable)
HPRegen 0.24/turn    (ring unavailable)
MPRegen 0.08/turn    (no gizmo)

%: no passive effects
@: revving
A: off-hand wielding, slow wielding, warmup strikes, no jewellery
a: Invent Gizmo, Renounce Religion


You were on level 1 of the Dungeon.
You worshipped Xom.
You were a special plaything of Xom.
You visited 1 branch of the dungeon, and saw 1 of its levels.

You collected 15 gold pieces.

Inventory:

Hand Weapons
 a - a +0 hand axe of chaos (weapon) {Renate}
 d - a +0 dagger (offhand) {Suthep}
Armour
 b - a +2 leather armour (worn)
Scrolls
 c - a scroll of butterflies
 e - a scroll of teleportation {unknown}
Potions
 f - a potion of attraction {unknown}


   Skills:
 * Level 3.1 Fighting
 * Level 3.1 Axes
 + Level 0.2(1.7) Polearms
 * Level 1.9 Armour
 * Level 1.0 Dodging
 + Level 0.2 Stealth
 + Level 0.0 Spellcasting


You had one spell level left.
You didn't know any spells.
Your spell library was empty.

Dungeon Overview and Level Annotations

Branches:
Dungeon (1/15)

Altars:


Innate Abilities, Weirdness & Mutations

You can wield a second weapon in your off-hand.
It takes a long time for you to wield or remove held weapons.
Your first few attacks do less damage.
You cannot equip rings or amulets.


Message History

You open the door.
A goblin comes into view. It is wielding a +0 dagger.
A goblin is nearby!
A goblin is nearby!
A goblin is nearby!
There is an open door here.
The goblin hits you but does no damage.
You hit the goblin with your +0 hand axe of chaos.
You kill the goblin!
You have reached level 2!
Health restored: 24; MP restored: 2 You see here a +0 dagger.
A giant cockroach comes into view.
A giant cockroach is nearby!
A giant cockroach is nearby!
The giant cockroach waves its antennae.
You hit the giant cockroach with your +0 hand axe of chaos.
You burn the giant cockroach.
The giant cockroach is heavily wounded.
You hit the giant cockroach with your +0 dagger.
The giant cockroach bites you but does no damage.
You hit the giant cockroach with your +0 dagger.
You kill the giant cockroach!
An endoplasm comes into view.
You see here a giant cockroach corpse.
The endoplasm quivers. "Hum-dee-hum-dee-hum..."
The endoplasm evaporates and reforms as a swamp worm!
The swamp worm fires a harpoon shot at you.
The harpoon shot hits you!!
Ouch! That really hurt!
* * * LOW HITPOINT WARNING * * *
Xom roars with laughter!
You are yanked forward by the harpoon shot.
You hit the swamp worm but do no damage.
You closely miss the swamp worm with your +0 hand axe of chaos.
The swamp worm bites you!!
Ouch! That really hurt!
You die...
Xom laughs nastily!

#.#
#.#
#.#
#.#
#.#
#.#
#w#
#@#
#.#
#.#
#.#
#.#
#.#
####
#†#
...#
#.#
...#
#.#


You could see a swamp worm.

Vanquished Creatures
  An endoplasm (D:1)
  A giant cockroach (D:1)
  3 goblins (D:1)
  A frilled lizard (D:1)
  A kobold (D:1)
7 creatures vanquished.

Notes
Turn   | Place    | Note
-------+----------+-------------------------------------------
     0 | D:1      | ezpacito the Coglin Chaos Knight began the quest for the
                  | Orb.
     0 | D:1      | Reached XP level 1. HP: 18/18 MP: 1/1
    66 | D:1      | Reached skill level 1 in Dodging
   115 | D:1      | Reached XP level 2. HP: 24/24 MP: 2/2
   157 | D:1      | an endoplasm changed into a swamp worm
   157 | D:1      | Noticed a swamp worm
   157 | D:1      | XOM: polymorph endoplasm -> swamp worm
   158 | D:1      | Demolished by a swamp worm

Illustrated notes

Levels and vault maps discovered:
D:1:      ldierk_walled_garden, layout_basic

Skill      XL: |  1 |
---------------+----+-----
Dodging        | 1 |  1.0
Fighting       | |  3.1
Axes           | |  3.1
Polearms       | |  0.2
Armour         | |  1.9
Stealth        | |  0.2

Action                     || total
---------------------------++-------
  Melee: Hand axe          ||    12
         Dagger            ||    12
 Armour: Leather armour    ||    10
  Dodge: Dodged            ||     3

Table legend: (Time is in decaauts)
 A = Elapsed time spent in this place.
 B = Non-inter-level travel time spent in this place.
 C = Inter-level travel time spent in this place.
 D = Time resting spent in this place.
 E = Time spent auto-exploring this place.
 F = Levels seen in this place.
 G = Mean time per level.
                   A        B        C        D        E       F      G
               +--------+--------+--------+--------+--------+-----+--------+
         Total |    158 |    158 |      0 |      0 |    116 |   1 |  158.0 |
       Dungeon |    158 |    158 |      0 |      0 |    116 |   1 |  158.0 |
               +--------+--------+--------+--------+--------+-----+--------+

Top non-repeatable levels by time:
     D:1: 158 daAuts
